Map: Pillars of Gold LE

Players

soul

  • Race: Terran Terran
  • League: Grandmaster
  • Spawn Location: 1:00

Ronaldinho - Winner!

  • Race: Terran Terran
  • League: Grandmaster
  • Spawn Location: 7:00

VOD

Have the link to the VOD?

Description

Time

  • Played on: March 31, 2021, 11:38 a.m.
  • Length: 10:07
Show
View Real Time Build Order
Export as new Build Order

soul Terran 

Build Orders: Reaper Expand 

Get SALT Encoding   

  12  0:00  SCV  
  13  0:12  SCV  
  14  0:18  Supply Depot  
  14  0:24  SCV  
  15  0:38  Refinery  
  15  0:39  SCV  
  16  0:45  Barracks  
  16  0:51  SCV  
  17  1:03  SCV  
  18  1:15  SCV  
  19  1:32  Reaper  
  19  1:33  Orbital Command  
  20  1:48  Command Center  
  20  1:58  SCV  
  20  1:59  Supply Depot  
  21  2:04  Marine  
  22  2:14  Factory  
  22  2:16  SCV  
  23  2:23  Refinery, Reaper  
  23  2:28  SCV  
  25  2:33  Bunker  
  25  2:40  SCV  
  26  2:52  SCV  
  26  2:55  Barracks Reactor  
  26  2:58  Hellion  
  29  2:59  Starport  
  29  3:06  Orbital Command  
  29  3:11  SCV  
  30  3:18  Refinery  
  30  3:20  Hellion  
  30  3:23  SCV  
  33  3:31  Marine x2  
  33  3:33  SCV  
  36  3:35  SCV  
  36  3:39  Starport Tech Lab  
  37  3:42  Factory Tech Lab  
  37  3:45  SCV  
  37  3:47  Supply Depot, SCV  
  39  3:50  Marine  
  39  3:53  Marine  
  41  3:57  SCV  
  41  3:59  SCV, Raven  
  45  4:08  Marine  
  45  4:09  Cyclone  
  49  4:10  Marine  
  49  4:13  SCV  
  49  4:15  SCV  
  52  4:19  Supply Depot  
  52  4:21  Supply Depot  
  52  4:25  SCV  
  52  4:26  Marine  
  54  4:41  SCV x2  
  54  4:42  Supply Depot, Raven, Siege Tank  
  61  4:46  Marine  
  62  4:53  SCV x2  
  64  5:00  Command Center  
  64  5:05  SCV x2  
  64  5:06  Refinery  
  66  5:11  Marine  
  66  5:12  Marine  
  68  5:17  SCV x2  
  68  5:19  Siege Tank  
  73  5:23  Supply Depot  
  73  5:25  Raven  
  73  5:26  Supply Depot  
  75  5:29  SCV x2  
  75  5:30  Marine  
  78  5:43  Barracks  
  78  5:44  SCV x2, Marine  
  78  5:45  Barracks  
  78  5:48  Marine  
  81  5:55  Siege Tank  
  81  5:56  SCV  
  85  5:58  Engineering Bay  
  85  6:00  SCV, Engineering Bay  
  87  6:08  SCV  
  87  6:12  SCV  
  87  6:13  Orbital Command  
  88  6:21  SCV  
  88  6:24  SCV, Viking x2  
  94  6:32  Barracks Reactor  
  95  6:33  SCV, Barracks Reactor  
  95  6:34  Marine, Stimpack, Siege Tank  
  95  6:36  SCV  
  98  6:44  Orbital Command  
  98  6:45  SCV  
  99  6:48  SCV  
  100  6:54  Viking x2  
  100  6:55  Missile Turret  
  100  6:57  SCV  
  100  6:59  Terran Infantry Armor Level 1, Terran Infantry Weapons Level 1  
  100  7:00  SCV  
  106  7:05  Sensor Tower  
  106  7:09  SCV x2  
  106  7:12  SCV  
  108  7:20  Supply Depot x2  
  108  7:21  SCV  
  108  7:22  SCV  
  110  7:23  Marine  
  110  7:24  SCV, Viking  
  108  7:33  SCV  
  108  7:34  SCV  
  106  7:41  Siege Tank  
  106  7:42  SCV  
  110  7:45  SCV  
  110  7:48  Marine x5  
  115  7:52  Barracks  
  115  7:54  Barracks, SCV  
  115  7:56  Refinery x2  
  116  7:58  Medivac  
  116  8:00  SCV  
  116  8:05  SCV, Marine x2  
  120  8:06  SCV, Marine x2, Missile Turret  
  120  8:12  SCV  
  126  8:13  Medivac  
  126  8:14  Marine  
  119  8:23  Marine x3  
  110  8:28  Medivac  
  110  8:32  Marine  
  87  8:38  Marine  
  87  8:39  Siege Tank  
  76  8:41  Marine x2  
  76  8:43  Medivac  
  72  8:49  Marine  
  66  8:59  Marine x2, Barracks Reactor  
  66  9:00  SCV  
  68  9:03  SCV  
  68  9:07  Marine  
  68  9:10  Orbital Command  
  68  9:11  Siege Tank  
  68  9:12  Refinery, SCV  
  68  9:15  SCV, Medivac  
  75  9:17  Marine x2  
  77  9:24  SCV  
  77  9:25  Marine  
  77  9:27  SCV  
  80  9:34  Barracks Reactor  
  80  9:35  Marine x2  
  80  9:37  SCV  
  83  9:39  SCV, Missile Turret x2  
  83  9:40  Missile Turret x2, Barracks Reactor  
  83  9:41  SCV  
  83  9:43  Marine  
  86  9:49  SCV  
  86  9:51  SCV  
  88  9:53  SCV  
Show
View Real Time Build Order
Export as new Build Order

Ronaldinho Terran - Winner!

Build Orders:  

Get SALT Encoding   

  12  0:00  SCV  
  13  0:12  SCV  
  14  0:17  Supply Depot  
  14  0:24  SCV  
  15  0:39  SCV  
  15  0:40  Barracks  
  16  0:44  Refinery  
  16  0:51  SCV  
  16  0:55  Refinery  
  17  1:03  SCV  
  18  1:15  SCV  
  19  1:27  Orbital Command, Reaper  
  19  1:29  Supply Depot  
  20  1:45  Factory  
  20  1:54  SCV  
  20  1:59  Reaper  
  22  2:06  SCV  
  23  2:18  SCV  
  24  2:24  Command Center  
  24  2:30  Hellion  
  24  2:31  SCV  
  27  2:37  Barracks Reactor  
  27  2:41  Supply Depot  
  27  2:43  SCV  
  28  2:51  Widow Mine  
  28  2:56  SCV  
  31  3:00  Starport  
  31  3:11  SCV  
  32  3:16  Marine x2  
  32  3:17  Factory Tech Lab  
  34  3:26  SCV  
  35  3:33  Marine  
  35  3:34  Marine  
  37  3:36  Cyclone, Starport Tech Lab  
  37  3:37  Orbital Command  
  37  3:39  SCV  
  41  3:51  SCV  
  42  3:55  Raven  
  42  3:59  Barracks  
  44  4:03  Refinery, SCV, Marine  
  44  4:04  Marine  
  44  4:07  SCV  
  48  4:15  Siege Tank  
  48  4:16  SCV  
  52  4:19  SCV  
  53  4:28  Marine  
  54  4:33  Supply Depot  
  54  4:42  Command Center  
  54  4:51  Starport Reactor  
  54  4:53  Stimpack  
  54  4:54  SCV x2, Marine x3  
  54  4:56  Supply Depot  
  59  5:01  Siege Tank  
  62  5:14  Supply Depot  
  62  5:18  SCV x2, Marine x3  
  67  5:24  Supply Depot  
  67  5:28  Medivac  
  69  5:31  SCV  
  70  5:36  SCV, Medivac  
  70  5:37  Marine x3  
  76  5:45  SCV  
  76  5:46  Siege Tank  
  76  5:48  SCV  
  81  5:55  Orbital Command, Marine x2  
  82  5:59  SCV  
  82  6:00  Marine  
  84  6:07  Medivac x2  
  84  6:10  SCV  
  89  6:11  SCV  
  89  6:18  Marine x3  
  90  6:23  Supply Depot, SCV x2  
  95  6:25  Refinery  
  95  6:26  Orbital Command, Siege Tank  
  95  6:29  Supply Depot  
  98  6:33  Supply Depot  
  98  6:35  Combat Shield  
  98  6:36  SCV  
  98  6:37  SCV  
  100  6:46  Medivac x2  
  104  6:48  SCV  
  104  6:49  SCV  
  104  6:50  Marine x2  
  104  6:52  Supply Depot  
  108  6:54  SCV  
  108  6:58  Marine  
  108  7:01  Barracks, SCV  
  108  7:08  Siege Tank  
  108  7:09  SCV  
  108  7:10  SCV  
  108  7:13  Marine x2  
  115  7:17  SCV  
  115  7:21  SCV  
  115  7:22  SCV  
  119  7:30  SCV  
  119  7:32  Marine x2  
  119  7:33  SCV, Marine  
  119  7:34  SCV  
  111  7:38  Engineering Bay x2  
  111  7:42  SCV  
  107  7:44  Siege Tank  
  107  7:46  SCV x2  
  111  7:51  Marine x2  
  111  7:52  Barracks Reactor  
  111  7:54  SCV  
  111  7:55  Barracks  
  111  7:57  Barracks, Medivac x2  
  111  7:58  SCV  
  119  7:59  Supply Depot  
  119  8:00  Marine  
  119  8:01  SCV  
  119  8:03  Refinery  
  121  8:06  SCV  
  121  8:11  SCV  
  121  8:22  Marine x2  
  121  8:23  SCV  
  118  8:27  Marine, Medivac  
  118  8:28  SCV x2  
  118  8:31  Siege Tank  
  122  8:35  SCV  
  122  8:40  Marine x2  
  116  8:44  SCV  
  116  8:45  Medivac  
  116  8:46  Marine  
  116  8:47  SCV  
  113  8:49  Marine x4  
  113  8:53  Refinery  
  115  8:57  Medivac  
  115  8:58  Marine x2  
  115  9:01  Command Center  
  118  9:02  Armory  
  118  9:03  Siege Tank  
  118  9:04  Barracks  
  118  9:06  Barracks x2  
  118  9:09  Marine x2, Barracks Reactor x2  
  119  9:10  Marine  
  119  9:16  Marine  
  122  9:24  Factory  
  122  9:29  Marine x4  
  126  9:34  Marine  
  130  9:41  Supply Depot  
  130  9:43  Supply Depot  
  130  9:45  Marine  
  131  9:46  Marine x3  
  131  9:47  Marine x4  
  131  9:50  Supply Depot  
Tags
 
Add a new tag
Caveats
  • Supply blocks, unpowered buildings, or Contaminate may cause inaccurate times.
  • Supply counts are checked every 10 seconds.